 Dungeon Crawl Stone Soup version 0.28.0-53-g5a82cb258f (webtiles) character file.

Game seed: 9615714015627502872

105 Caestello the Slasher (level 5, -1/39 HPs)
             Began as a Formicid Gladiator on June 19, 2022.
             Slain by an orc
             ... wielding a +3 whip
              (6 damage)
             ... on level 3 of the Dungeon.
             The game lasted 00:03:28 (2207 turns).

Caestello the Slasher (Formicid Gladiator)          Turns: 2207, Time: 00:03:29

Health: -1/39      AC:  5    Str: 21    XL:     5   Next: 8%
Magic:  5/5        EV: 12    Int:  7    God:
Gold:   60         SH:  0    Dex: 12    Spells: 4/4 levels left

rFire   . . .      SeeInvis +   g - +3 whip
rCold   . . .      Faith    .   (no shield)
rNeg    . . .      Spirit   .   d - +0 ring mail
rPois   .          Reflect  .   (helmet unavailable)
rElec   .          Harm     .   (no cloak)
rCorr   .          Rampage  .   (no gloves)
Will    .....                   (no boots)
Stlth   +.........              (no amulet)
HPRegen 0.13/turn               (no ring)
MPRegen 0.09/turn               (no ring)

@: no status effects
A: permanent stasis, dig shafts and tunnels, antennae 3, four strong arms
a: Dig, Shaft Self


You were on level 3 of the Dungeon.
You visited 1 branch of the dungeon, and saw 3 of its levels.

You collected 60 gold pieces.

Inventory:

Hand Weapons
 a - a +0 long sword
 g - a +3 whip (weapon)
Missiles
 c - 3 throwing nets (quivered)
 j - 17 arrows
 l - 36 bolts
Armour
 b - a +0 leather armour
 d - a +0 ring mail (worn)
Magical Staves
 o - a staff of air
Jewellery
 k - a ring of willpower
Scrolls
 e - 3 scrolls of identify {unknown}
 f - a scroll of teleportation {unknown}
 h - a scroll of immolation {unknown}
 i - 2 scrolls of enchant weapon {unknown}
 m - a scroll of enchant armour {unknown}
 n - a scroll of silence {unknown}
Potions
 p - a potion of heal wounds {unknown}


   Skills:
 + Level 2.7 Fighting
 + Level 3.4 Long Blades
 + Level 2.1 Throwing
 * Level 2.8 Armour
 + Level 3.3 Dodging
 + Level 0.7 Stealth


You had 4 spell levels left.
You didn't know any spells.
Your spell library contained the following spells:

 Spells                   Type           Power      Damage    Failure   Level
 Dazzling Flash           Conj/Hex       0%         N/A       92%         3
 Agony                    Necr           0%         N/A       100%        5
 Silence                  Hex/Air        0%         N/A       100%        5


Dungeon Overview and Level Annotations

Branches:
Dungeon (3/15)

Altars:


Innate Abilities, Weirdness & Mutations

You cannot be hasted, slowed, berserked, paralysed or teleported.
You can dig through walls and to a lower floor.
You have a pair of large antennae on your head. (SInv)
Your four strong arms can wield two-handed weapons with a shield.


Message History

The orc wizard hits you but does no damage.
You closely miss the orc wizard.
The orc wizard is heavily wounded.
The orc wizard hits you with a +0 dagger.
You closely miss the orc wizard.
The orc wizard is heavily wounded.
The orc wizard closely misses you.
You hit the orc wizard.
The orc wizard is heavily wounded.
The orc wizard hits you but does no damage.
The orc wizard barely misses you.
You whack the orc wizard!
The orc wizard is almost dead.
The orc wizard hits you but does no damage.
You hit the orc wizard but do no damage.
Your punch misses the orc wizard.
The orc wizard is almost dead.
The orc wizard gestures at you while chanting.
The magic dart hits you!
You hit the orc wizard.
You kill the orc wizard!
You have reached level 5!
You barely miss the orc. The orc hits you with a +0 dagger.
You hit the orc.
The orc is moderately wounded.
The orc hits you with a +0 dagger.
* * * LOW HITPOINT WARNING * * *
You hit the orc.
You kill the orc!
The orc throws a boomerang.
The boomerang misses you. The orc barely misses you.
Items here: ( ))) [ ††.
You hit the orc but do no damage. The orc hits you with a +3 whip.
* * * LOW HITPOINT WARNING * * *
You hit the orc but do no damage. The orc closely misses you.
You barely miss the orc. The orc hits you with a +3 whip.
* * * LOW HITPOINT WARNING * * *
The orc closely misses you.
You closely miss the orc. The orc hits you with a +3 whip.
You die...

....##......#.##
...###....#.#.#
#.#.##.#.##.#.#
.###.#.#.##.#.#
##.##....##.#.#
#.#.##.####.#.#
.###..........#
..#..######.###########.
#...## #.#..)@o......
##.## #.#.########..
#### #........... #
###.#######. #.# #.# #.#
... ...


You could see an orc.

Vanquished Creatures
  An orc wizard (D:3)
  2 adders (D:2)
  3 dart slugs
  3 orcs (D:3)
  4 ball pythons
  5 bats
  4 endoplasms
  3 giant cockroaches
  5 goblins
  7 hobgoblins
  5 frilled lizards
  4 kobolds
  7 rats
53 creatures vanquished.

Notes
Turn   | Place    | Note
-------+----------+-------------------------------------------
     0 | D:1      | Caestello the Formicid Gladiator began the quest for the
                  | Orb.
     0 | D:1      | Reached XP level 1. HP: 16/16 MP: 1/1
   146 | D:1      | Reached XP level 2. HP: 22/22 MP: 2/2
   783 | D:1      | Reached XP level 3. HP: 18/28 MP: 3/3
  1311 | D:2      | Reached skill level 1 in Armour
  1538 | D:2      | Found a faded altar of an unknown god.
  1658 | D:2      | Reached XP level 4. HP: 34/34 MP: 4/4
  2200 | D:3      | Reached XP level 5. HP: 18/39 MP: 5/5
  2207 | D:3      | Slain by an orc

Illustrated notes

Levels and vault maps discovered:
D:1:      matt_arrival_grand_opening, layout_basic, corexii_leaking_fountain,
          minmay_misc_feat_room
D:2:      layout_basic, chequers_ecumenical_altar_twisty, grunt_ministairs_4
D:3:      layout_loops_ring, nicolae_figureground_pulse, uniq_ijyb

Skill      XL: |  1  2  3  4 |
---------------+-------------+-----
Dodging        | 3 |  3.3
Armour         | 1 2 |  2.8
Fighting       | |  2.7
Long Blades    | |  3.4
Throwing       | |  2.1
Stealth        | |  0.7

Action                   |  1- 3 |  4- 6 || total
-------------------------+-------+-------++-------
Melee: Long sword        |    10 |       ||    10
       Punch             |     2 |       ||     2
       Whip              |    79 |    42 ||   121
Armor: Ring mail         |    35 |    10 ||    45
Dodge: Dodged            |    65 |    17 ||    82
